[ AOE2 MATCH · #459404064 ]
Team RMMalians vs Aztecs
[ REPLAY ANALYSIS · EXTRACTED FROM THE RECORDED GAME ]
Feudal
11:07
Castle
14:50
Imperial
—
| APM avg | 42.1 |
| APM peak | 89 |
| eAPM avg | 18.6 |
| Villagers / military | 48 / 12 |
Focus
⚔️ 18.0% · 🌾 82.0%
Gbeto ×9 · Monk ×1 · Mangonel ×1 · Battering Ram ×1
Feudal
11:53
Castle
—
Imperial
—
| APM avg | 16.2 |
| APM peak | 66 |
| eAPM avg | 7.3 |
| Villagers / military | 31 / 0 |
Focus
⚔️ 18.3% · 🌾 81.7%
Unknown (2550) ×5
Feudal
10:31
Castle
14:36
Imperial
—
| APM avg | 24.6 |
| APM peak | 76 |
| eAPM avg | 12.5 |
| Villagers / military | 43 / 2 |
Focus
⚔️ 8.3% · 🌾 91.7%
Conquistador ×2
Feudal
12:20
Castle
15:52
Imperial
—
| APM avg | 17.9 |
| APM peak | 54 |
| eAPM avg | 11.1 |
| Villagers / military | 52 / 5 |
Focus
⚔️ 14.7% · 🌾 85.3%
Spearman ×2 · Jaguar Warrior ×2 · Mangonel ×1
Match map
Initial resources + every placement click. Lines = walls · curves = elevation contours. ◆ gold · ⬟ stone · ● berries · ✦ relic · ◌ wall gap
Your base· ✓ Closed at 14:50 · 0t walls · 3 gate(s)
COL | TheFaura's base· ✓ Closed at 12:59 · 0t walls · 3 gate(s)
kbzound's base· ✓ Closed at 14:36 · 0t walls · 3 gate(s)
zozolini's base· ✓ Closed at 15:52 · 0t walls · 3 gate(s)
Smoothed initial terrain · ◌ = detected wall gap · hover for details
Inputs per minute
— yerkez - - COL | TheFaura
Build order — yerkez
94 actions detected in the replay
| 0:00 | Create | Villager (Male) |
| 0:01 | Create | Villager (Male) |
| 0:01 | Create | Villager (Male) |
| 0:02 | Build | House |
| 0:02 | Create | Villager (Male) |
| 0:04 | Build | House |
| 1:25 | Create | Villager (Male) |
| 1:26 | Create | Villager (Male) |
| 1:47 | Build | Lumber Camp |
| 2:11 | Create | Villager (Male) |
| 2:11 | Create | Villager (Male) |
| 2:17 | Create | Villager (Male) |
| 2:17 | Create | Villager (Male) |
| 2:49 | Create | Villager (Male) |
| 2:49 | Create | Villager (Male) |
| 3:13 | Build | House |
| 3:25 | Create | Villager (Male) |
| 3:25 | Create | Villager (Male) |
| 3:31 | Build | Mill |
| 3:47 | Create | Villager (Male) |
| 3:47 | Create | Villager (Male) |
| 3:48 | Create | Villager (Male) |
| 4:47 | Create | Villager (Male) |
| 4:48 | Create | Villager (Male) |
| 4:48 | Create | Villager (Male) |
| 5:24 | Build | Mill |
| 5:55 | Build | House |
| 5:59 | Create | Villager (Male) |
| 6:04 | Create | Villager (Male) |
| 6:48 | Create | Villager (Male) |
| 6:48 | Create | Villager (Male) |
| 7:15 | Create | Villager (Male) |
| 8:01 | Create | Villager (Male) |
| 8:16 | Build | Mining Camp |
| 8:29 | Create | Villager (Male) |
| 8:46 | Research | Feudal Age |
| 9:21 | Build | Barracks |
| 9:30 | Build | House |
| 10:03 | Research | Loom |
| 10:11 | Create | Villager (Male) |
| 11:07 | Age | Feudal Age |
| 11:11 | Build | Market |
| 11:15 | Build | Blacksmith |
| 11:48 | Build | Mining Camp |
| 12:10 | Research | Castle Age |
| 13:27 | Build | House |
| 13:37 | Create | Villager (Male) |
| 14:24 | Build | House |
| 14:50 | Age | Castle Age |
| 14:51 | Build | Castle |
| 14:52 | Create | Villager (Male) |
| 15:01 | Build | Mining Camp |
| 15:20 | Build | Farm |
| 16:07 | Create | Villager (Male) |
| 16:09 | Build | Farm |
| 16:20 | Build | Farm |
| 16:37 | Create | Gbeto |
| 16:41 | Build | Farm |
| 16:52 | Create | Gbeto |
| 16:52 | Create | Gbeto |
| 17:20 | Create | Gbeto |
| 17:37 | Build | Siege Workshop |
| 17:38 | Create | Gbeto |
| 18:01 | Create | Villager (Male) |
| 18:02 | Create | Villager (Male) |
| 18:12 | Create | Villager (Male) |
| 18:12 | Create | Villager (Male) |
| 18:22 | Build | Farm |
| 18:33 | Build | Monastery |
| 18:42 | Create | Villager (Male) |
| 18:43 | Create | Villager (Male) |
| 19:01 | Build | Farm |
| 19:21 | Create | Battering Ram |
| 19:23 | Create | Villager (Male) |
| 19:41 | Create | Villager (Male) |
| 20:09 | Create | Monk |
| 20:26 | Create | Villager (Male) |
| 20:26 | Create | Villager (Male) |
| 20:37 | Build | Gate |
| 20:39 | Create | Villager (Male) |
| 20:39 | Create | Villager (Male) |
| 20:48 | Create | Mangonel |
| 20:57 | Create | Villager (Male) |
| 20:57 | Create | Villager (Male) |
| 21:01 | Build | Farm |
| 21:16 | Create | Gbeto |
| 21:27 | Create | Villager (Male) |
| 21:27 | Create | Villager (Male) |
| 21:51 | Create | Villager (Male) |
| 21:58 | Build | Mining Camp |
| 22:05 | Build | Castle |
| 22:33 | Create | Gbeto |
| 22:36 | Create | Gbeto |
| 22:37 | Create | Gbeto |
Build order — COL | TheFaura
58 actions detected in the replay
| 0:01 | Create | Villager (Male) |
| 0:02 | Create | Villager (Male) |
| 0:02 | Create | Villager (Male) |
| 0:04 | Build | House |
| 0:06 | Build | House |
| 0:51 | Create | Villager (Male) |
| 0:51 | Create | Villager (Male) |
| 1:28 | Create | Villager (Male) |
| 1:28 | Create | Villager (Male) |
| 1:48 | Build | Settlement |
| 2:10 | Create | Villager (Male) |
| 2:11 | Create | Villager (Male) |
| 2:27 | Create | Villager (Male) |
| 2:44 | Create | Villager (Male) |
| 2:47 | Research | Loom |
| 3:24 | Create | Villager (Male) |
| 3:25 | Create | Villager (Male) |
| 3:54 | Create | Villager (Male) |
| 3:54 | Create | Villager (Male) |
| 4:12 | Create | Villager (Male) |
| 4:12 | Create | Villager (Male) |
| 4:28 | Build | Settlement |
| 5:08 | Create | Villager (Male) |
| 5:09 | Create | Villager (Male) |
| 5:09 | Create | Villager (Male) |
| 5:24 | Create | Villager (Male) |
| 5:24 | Create | Villager (Male) |
| 6:10 | Create | Villager (Male) |
| 6:57 | Build | Settlement |
| 7:00 | Create | Villager (Male) |
| 7:00 | Create | Villager (Male) |
| 7:00 | Create | Villager (Male) |
| 8:07 | Create | Villager (Male) |
| 8:40 | Create | Villager (Male) |
| 8:41 | Create | Villager (Male) |
| 8:57 | Build | Barracks |
| 9:10 | Research | Feudal Age |
| 9:50 | Build | House |
| 10:01 | Create | Villager (Male) |
| 10:02 | Create | Villager (Male) |
| 10:20 | Build | Settlement |
| 10:35 | Build | Farm |
| 10:36 | Build | Farm |
| 11:53 | Age | Feudal Age |
| 12:02 | Build | Archery Range |
| 12:08 | Build | Blacksmith |
| 12:19 | Build | Farm |
| 12:20 | Build | Farm |
| 12:22 | Build | Farm |
| 12:31 | Build | Farm |
| 12:59 | Research | Castle Age |
| 13:20 | Build | Farm |
| 13:25 | Create | Unit 2550 |
| 13:25 | Create | Unit 2550 |
| 14:02 | Research | Double-Bit Axe |
| 14:27 | Create | Unit 2550 |
| 14:59 | Create | Unit 2550 |
| 15:14 | Create | Unit 2550 |
Build order — kbzound
85 actions detected in the replay
| 0:02 | Create | Villager (Male) |
| 0:02 | Create | Villager (Male) |
| 0:04 | Build | House |
| 0:06 | Build | House |
| 0:46 | Create | Villager (Male) |
| 0:46 | Create | Villager (Male) |
| 1:31 | Create | Villager (Male) |
| 1:31 | Create | Villager (Male) |
| 1:31 | Create | Villager (Male) |
| 1:48 | Build | Lumber Camp |
| 2:05 | Create | Villager (Male) |
| 2:05 | Create | Villager (Male) |
| 2:23 | Create | Villager (Male) |
| 2:23 | Create | Villager (Male) |
| 2:53 | Create | Villager (Male) |
| 2:53 | Create | Villager (Male) |
| 3:29 | Build | House |
| 3:31 | Create | Villager (Male) |
| 3:32 | Create | Villager (Male) |
| 3:54 | Create | Villager (Male) |
| 3:54 | Create | Villager (Male) |
| 4:04 | Build | Mill |
| 4:40 | Create | Villager (Male) |
| 4:40 | Create | Villager (Male) |
| 5:22 | Create | Villager (Male) |
| 5:22 | Create | Villager (Male) |
| 5:42 | Build | Mill |
| 6:01 | Create | Villager (Male) |
| 6:01 | Create | Villager (Male) |
| 6:18 | Build | House |
| 6:46 | Create | Villager (Male) |
| 7:03 | Create | Villager (Male) |
| 7:33 | Create | Villager (Male) |
| 8:21 | Research | Feudal Age |
| 8:26 | Build | Mining Camp |
| 9:27 | Create | Villager (Male) |
| 10:31 | Age | Feudal Age |
| 10:40 | Build | Market |
| 10:47 | Build | Blacksmith |
| 11:14 | Create | Villager (Male) |
| 11:22 | Build | Farm |
| 11:25 | Build | Farm |
| 11:56 | Research | Castle Age |
| 12:14 | Build | Mining Camp |
| 12:40 | Research | Double-Bit Axe |
| 13:21 | Research | Loom |
| 13:25 | Research | Town Watch |
| 13:30 | Create | Villager (Male) |
| 14:35 | Create | Villager (Male) |
| 14:36 | Age | Castle Age |
| 15:06 | Build | Town Center |
| 16:04 | Build | Castle |
| 16:09 | Build | Palisade Gate |
| 16:18 | Build | Palisade Gate |
| 16:21 | Build | Palisade Wall |
| 16:22 | Build | Palisade Wall |
| 16:38 | Build | Farm |
| 16:43 | Research | Horse Collar |
| 16:44 | Create | Villager (Male) |
| 16:44 | Create | Villager (Male) |
| 17:23 | Build | Mining Camp |
| 17:34 | Build | Farm |
| 17:53 | Build | Farm |
| 17:55 | Create | Villager (Male) |
| 17:55 | Create | Villager (Male) |
| 18:07 | Create | Conquistador |
| 18:36 | Build | Outpost |
| 18:44 | Build | Farm |
| 18:46 | Build | Farm |
| 18:49 | Create | Villager (Male) |
| 18:49 | Create | Villager (Male) |
| 18:49 | Create | Villager (Male) |
| 19:40 | Build | Castle |
| 19:54 | Create | Conquistador |
| 20:00 | Create | Villager (Male) |
| 20:01 | Create | Villager (Male) |
| 20:01 | Create | Villager (Male) |
| 20:04 | Build | Farm |
| 20:09 | Build | Farm |
| 20:31 | Research | Fletching |
| 21:53 | Create | Villager (Male) |
| 21:54 | Create | Villager (Male) |
| 21:54 | Create | Villager (Male) |
| 22:22 | Build | Farm |
| 22:26 | Build | Farm |
Build order — zozolini
99 actions detected in the replay
| 0:01 | Create | Villager (Male) |
| 0:01 | Create | Villager (Male) |
| 0:02 | Build | House |
| 0:04 | Build | House |
| 0:12 | Create | Villager (Male) |
| 0:12 | Create | Villager (Male) |
| 1:21 | Create | Villager (Male) |
| 1:22 | Create | Villager (Male) |
| 1:49 | Build | Lumber Camp |
| 1:59 | Create | Villager (Male) |
| 1:59 | Create | Villager (Male) |
| 2:10 | Build | House |
| 2:13 | Build | House |
| 2:28 | Create | Villager (Male) |
| 2:29 | Create | Villager (Male) |
| 2:29 | Create | Villager (Male) |
| 2:55 | Create | Villager (Male) |
| 2:55 | Create | Villager (Male) |
| 3:22 | Create | Villager (Male) |
| 3:22 | Create | Villager (Male) |
| 3:23 | Create | Villager (Male) |
| 3:23 | Create | Villager (Male) |
| 4:06 | Create | Villager (Male) |
| 4:25 | Build | Mill |
| 5:01 | Create | Villager (Male) |
| 5:01 | Create | Villager (Male) |
| 5:09 | Build | Farm |
| 5:35 | Create | Villager (Male) |
| 5:36 | Create | Villager (Male) |
| 5:36 | Create | Villager (Male) |
| 5:36 | Create | Villager (Male) |
| 5:39 | Build | Farm |
| 6:30 | Create | Villager (Male) |
| 6:30 | Create | Villager (Male) |
| 6:31 | Create | Villager (Male) |
| 6:31 | Create | Villager (Male) |
| 6:34 | Build | Farm |
| 6:43 | Create | Villager (Male) |
| 7:08 | Create | Villager (Male) |
| 7:21 | Create | Villager (Male) |
| 7:25 | Build | Farm |
| 7:35 | Build | Mill |
| 8:15 | Build | House |
| 8:36 | Create | Villager (Male) |
| 9:02 | Build | Mining Camp |
| 9:18 | Create | Villager (Male) |
| 9:55 | Research | Feudal Age |
| 10:33 | Create | Villager (Male) |
| 10:34 | Create | Villager (Male) |
| 12:20 | Age | Feudal Age |
| 12:22 | Build | Market |
| 12:29 | Build | Blacksmith |
| 12:55 | Build | Barracks |
| 13:12 | Research | Castle Age |
| 13:23 | Research | Double-Bit Axe |
| 13:44 | Research | Horse Collar |
| 14:01 | Build | House |
| 14:50 | Create | Spearman |
| 14:51 | Create | Spearman |
| 15:52 | Age | Castle Age |
| 15:56 | Create | Villager (Male) |
| 15:56 | Create | Villager (Male) |
| 16:08 | Research | Wheelbarrow |
| 16:33 | Build | Castle |
| 17:05 | Build | Mining Camp |
| 17:06 | Create | Villager (Male) |
| 17:47 | Build | Palisade Gate |
| 17:51 | Build | Palisade Wall |
| 17:53 | Create | Villager (Male) |
| 18:00 | Create | Villager (Male) |
| 18:00 | Create | Villager (Male) |
| 18:01 | Research | Bow Saw |
| 18:19 | Build | University |
| 18:22 | Build | Farm |
| 18:22 | Build | Farm |
| 18:27 | Build | Farm |
| 18:27 | Build | Farm |
| 18:28 | Build | Farm |
| 18:28 | Build | Farm |
| 18:44 | Create | Villager (Male) |
| 19:33 | Build | Siege Workshop |
| 19:38 | Create | Villager (Male) |
| 19:38 | Create | Villager (Male) |
| 19:42 | Create | Jaguar Warrior |
| 19:44 | Create | Jaguar Warrior |
| 19:54 | Build | House |
| 19:55 | Build | House |
| 20:09 | Create | Villager (Male) |
| 20:22 | Build | Town Center |
| 20:34 | Create | Villager (Male) |
| 20:34 | Create | Villager (Male) |
| 20:35 | Create | Villager (Male) |
| 20:35 | Create | Villager (Male) |
| 20:42 | Create | Villager (Male) |
| 21:00 | Build | Farm |
| 21:29 | Build | Stone Wall |
| 21:30 | Create | Mangonel |
| 21:57 | Create | Villager (Male) |
| 21:58 | Create | Villager (Male) |
Match timeline
| 8:57 | COL | TheFaura · first_building Barracks |
| 9:21 | yerkez · first_building Barracks |
| 10:31 | kbzound · age_up feudal |
| 11:07 | yerkez · age_up feudal |
| 11:32 | kbzound · first_market_sell 100 wood |
| 11:53 | COL | TheFaura · age_up feudal |
| 12:02 | COL | TheFaura · first_building Archery Range |
| 12:20 | zozolini · age_up feudal |
| 12:55 | zozolini · first_building Barracks |
| 14:36 | kbzound · age_up castle |
| 14:50 | yerkez · age_up castle |
| 14:51 | yerkez · first_building Castle |
| 15:36 | COL | TheFaura · resign |
| 15:52 | zozolini · age_up castle |
| 16:04 | kbzound · first_building Castle |
| 16:21 | kbzound · wall_segment Palisade Wall x1 |
| 16:22 | kbzound · wall_segment Palisade Wall x1 |
| 16:33 | zozolini · first_building Castle |
| 17:37 | yerkez · first_building Siege Workshop |
| 17:51 | zozolini · wall_segment Palisade Wall x1 |
| 18:01 | kbzound · first_market_buy 100 food |
| 18:33 | yerkez · first_building Monastery |
| 19:33 | zozolini · first_building Siege Workshop |
| 21:29 | zozolini · wall_segment Stone Wall x1 |
[ AI ANALYSIS · 1 CREDIT ]
What really happened in this match?
Wolo.gg analyzes every decision: build order, eco, micro, common mistakes by bracket. Personalized analysis on WhatsApp or Discord in 30 seconds.
Civ guide
Malians
Map guide
Arena
Perfil
yerkez